 Dungeon Crawl Stone Soup version 0.30-b1-2-g02819fbbbe (webtiles) character file.

Game seed: 16330036472298606607

56 redmage the Digger (level 4, -4/33 HPs)
             Began as a Meteoran Earth Elementalist on July 26, 2023.
             Slain by an orc priest
             ... wielding a +0 trident
              (8 damage)
             ... on level 4 of the Dungeon.
             The game lasted 00:05:39 (468 turns).

redmage the Digger (Meteoran Earth Elementalist)     Turns: 468, Time: 00:05:39

Health: -4/33      AC:  3    Str:  9    XL:     4   Next: 37%
Magic:  5/9        EV: 13    Int: 19    God:
Gold:   66         SH:  0    Dex: 14    Spells: 6/9 levels left

rFire   . . .        (no weapon)
rCold   . . .        (no shield)
rNeg    . . .        a - +0 robe
rPois   .            f - +0 helmet
rElec   .            (no cloak)
rCorr   .            (no gloves)
SInv    +            (no boots)
Will    .....        (no amulet)
Stlth   +            e - ring of see invisible
HPRegen 0.25/turn    (no ring)
MPRegen 0.11/turn

%: no passive effects
@: glowing
A: sense surroundings 1, otherworldly, glowing, explore regen
a: no special abilities


You were on level 4 of the Dungeon.
You visited 1 branch of the dungeon, and saw 5 of its levels.

You collected 66 gold pieces.

Inventory:

Missiles
 c - 5 boomerangs
 h - 5 stones
Armour
 a - a +0 robe (worn)
 f - a +0 helmet (worn)
Jewellery
 e - a ring of see invisible (left hand)
Scrolls
 d - a scroll of noise {unknown}
 i - 2 scrolls of amnesia {unknown}
 j - a scroll of fear {unknown}
 k - a scroll of identify {unknown}
Potions
 b - a potion of magic
 g - 2 potions of heal wounds {unknown}


   Skills:
 + Level 3.1 Dodging
 + Level 1.9 Stealth
 + Level 3.3 Spellcasting
 + Level 2.1 Transmutations
 + Level 4.1 Earth Magic


You had 6 spell levels left.
You knew the following spells:

 Your Spells              Type           Power      Damage    Failure   Level
a - Sandblast             Erth           36%        2d10      2%          1
b - Passwall              Tmut/Erth      12%        N/A       6%          2

Your spell library contained the following spells:

 Spells                   Type           Power      Damage    Failure   Level
 Stone Arrow              Conj/Erth      20%        3d8       19%         3
 Petrify                  Tmut/Erth      15%        N/A       38%         4


Dungeon Overview and Level Annotations

Branches:
Dungeon (5/15) Zot: 2517
 Temple: D:4-7

Altars:
Qazlal

Shops:
D:4 [


Innate Abilities, Weirdness & Mutations

You passively map a small area around you.
You are easily found by Zot.
You glow in the dark.
You regain HP and MP as you explore.


Message History

You climb upwards.
There is a stone staircase leading down here.
Casting: Sandblast (safe; 2% risk of failure)
Confirm with . or Enter, or press ? or * to list all spells.
You don't know that spell.
Casting: Sandblast (safe; 2% risk of failure)
Confirm with . or Enter, or press ? or * to list all spells.
Aiming: Sandblast (safe; 2% risk of failure)
Press: ? - help, Shift-Dir - straight line, f - orc
Aim: an orc, wielding a +3 hand axe and wearing a +0 leather armour (82% to hit)
The blast of sand hits the orc.
The orc is moderately wounded.
The orc hits you with a +3 hand axe.
The orc priest hits you with a +0 trident.
Casting: Sandblast (safe; 2% risk of failure)
Confirm with . or Enter, or press ? or * to list all spells.
Aiming: Sandblast (safe; 2% risk of failure)
Press: ? - help, Shift-Dir - straight line, f/p - orc
Aim: an orc, wielding a +3 hand axe and wearing a +0 leather armour (lightly wounded, 82% to hit)
The blast of sand hits the orc.
You kill the orc!
The orc priest barely misses you.
The orc priest hits you with a +0 trident!
* * * LOW HITPOINT WARNING * * *
Casting: Sandblast (safe; 2% risk of failure)
Confirm with . or Enter, or press ? or * to list all spells.
Aiming: Sandblast (safe; 2% risk of failure)
Press: ? - help, Shift-Dir - straight line, f - orc priest
Aim: an orc priest, wielding a +0 trident and wearing a +0 scale mail (84% to hit)
The blast of sand hits the orc priest but does no damage.
The orc priest hits you but does no damage.
Unknown command.
Casting: Sandblast (safe; 2% risk of failure)
Confirm with . or Enter, or press ? or * to list all spells.
Aiming: Sandblast (safe; 2% risk of failure)
Press: ? - help, Shift-Dir - straight line, f/p - orc priest
Aim: an orc priest, wielding a +0 trident and wearing a +0 scale mail (84% to hit)
The blast of sand misses the orc priest.
The orc priest hits you with a +0 trident!
You die...

* , , , , , ,, ###*
, , #.. ,, ,
######.##### ,
########....#.#.@)#
...........#.#..o#,
#####.............#
#.................+
,
#.................#
##.##.####..##..###
* ##'##.#*
#..##..#* *
......#......+....
......#..#.#.#.....


You could see an orc priest.

Vanquished Creatures
  An orc wizard (D:4)
  An adder (D:4)
  4 orcs (D:4)
  2 endoplasms
  A giant cockroach (D:2)
  A goblin (D:3)
  A hobgoblin (D:3)
  A quokka (D:3)
  3 ball pythons
  A kobold (D:4)
  A rat (D:2)
17 creatures vanquished.

Notes
Turn   | Place    | Note
-------+----------+-------------------------------------------
     0 | D:1      | redmage the Meteoran Earth Elementalist began the quest for
                  | the Orb.
     0 | D:1      | Reached XP level 1. HP: 14/14 MP: 5/5
   170 | D:3      | Reached XP level 2. HP: 14/20 MP: 4/6
   177 | D:3      | Learned a level 2 spell: Passwall
   258 | D:4      | Found Virgh's Antique Armour Shop.
   315 | D:4      | Reached skill level 4 in Earth Magic
   315 | D:4      | Reached XP level 3. HP: 26/26 MP: 1/8
   316 | D:4      | Reached XP level 4. HP: 33/33 MP: 0/9
   353 | D:4      | Found a stormy altar of Qazlal.
   462 | D:5      | Entered Level 5 of the Dungeon
   468 | D:4      | Slain by an orc priest

Illustrated notes

Levels and vault maps discovered:
D:1:      amcnicky_arrival_blooded_trapdoor, layout_loops_corners,
          hangedman_decor_growths, minmay_pentomino_q2
D:2:      layout_loops_corners, nicolae_eternal_life, kennysheep_doodads
D:3:      layout_loops_corners, marbit_many_paths
D:4:      layout_gridville, nicolae_overflow_crystal_walls, serial_shops, shop,
          serial_co_window_serial, co_window_corner_a,
          co_window_of_opportunity_a, co_window_of_opportunity_a,
          co_window_corner_a, co_window_corner_a, co_window_of_opportunity_a,
          co_window_cross_1, co_window_paths_a, co_window_corner_a,
          co_window_unsneaky_path_e, co_window_corner_cb,
          co_window_unsneaky_path_d, co_window_4corner_a, glass_columns_a,
          glass_columns_c, glass_columns_b, glass_columns_b
D:5:      layout_basic, mainiacjoe_overflow_cross_hatched,
          minmay_temple_entry_trees

Skill      XL: |  1  2 |
---------------+-------+-----
Dodging        | 3 |  3.1
Spellcasting   | 3 |  3.3
Transmutations | 2 |  2.1
Earth Magic    | 4 |  4.1
Stealth        | |  1.9

Action                     |  1- 3 |  4- 6 || total
---------------------------+-------+-------++-------
   Cast: Sandblast         |    20 |     8 ||    28
         Passwall          |     1 |     1 ||     2
    Use: Scroll            |     1 |       ||     1
 Armour: Robe              |     1 |     3 ||     4
  Dodge: Dodged            |     7 |     2 ||     9
